 Dungeon Crawl Stone Soup version 0.19-a0-1384-gbb462ca (webtiles) character file.

15954442 suvakkihuora the Archmage (level 27, 183/183 HPs)
             Began as a Felid Skald on Aug 29, 2016.
             Was the Champion of Kikubaaqudgha.
             Escaped with the Orb
             ... and 15 runes on Sept 3, 2016!
             The game lasted 13:15:13 (98003 turns).

suvakkihuora the Archmage (Felid Skald)            Turns: 98003, Time: 13:15:14

Health: 183/183    AC: 36    Str: 14    XL:     27
Magic:  55/55      EV: 38    Int: 28    God:    Kikubaaqudgha [******]
Gold:   9325       SH:  8    Dex: 24    Spells: 17 memorised, 2 levels left
                                        Lives:  2   Deaths: 4

rFire  + . .     SeeInvis +       - Unarmed
rCold  . . .     Gourm    .     (armour unavailable)
rNeg   + . .     Faith    .     (shield unavailable)
rPois  ∞         Spirit   .     (helmet unavailable)
rElec  +         Dismiss  .     (cloak unavailable)
rCorr  .         Reflect  +     (gloves unavailable)
MR     ++++.     Harm     .     (boots unavailable)
Stlth  +++.......               a - brooch of Shielding {Reflect SH+8}
                                Z - ring of Tauxkec {Fire Int+5 Dex+3}
                                K - ring "Qadesur" {rC+ AC+4 Str+4 Dex+4}

@: statue-form (expiring), repel missiles, very slow
A: no armour, no weapons or thrown items, claws 1, fangs 3, see invisible,
carnivore 3, (speed 0), (shaggy fur 0), slow metabolism 1, sharp paws
a: End Transformation, Receive Corpses, Torment, Renounce Religion
0: Orb of Zot
}: 15/15 runes: serpentine, barnacled, slimy, silver, golden, iron, obsidian,
icy, bone, abyssal, demonic, glowing, magical, fiery, dark


You escaped.
You worshipped Kikubaaqudgha.
Kikubaaqudgha was exalted by your worship.
You were not hungry.
You were a stone statue.
You visited 18 branches of the dungeon, and saw 89 of its levels.
You visited Pandemonium 2 times, and saw 29 of its levels.
You visited the Abyss 2 times.
You visited 1 bazaar.
You visited 2 ziggurats, and saw 16 of their levels (deepest: 9).
You also visited: Labyrinth, Trove, Ice Cave and Desolation.

You collected 16870 gold pieces.
You spent 7545 gold pieces at shops.

Inventory:

Jewellery
 a - the brooch of Shielding (around neck) {Reflect SH+8}
   (You took it off a greater naga on level 4 of the Snake Pit)

   [amulet of reflection]

   It shields you and reflects attacks.
   It affects your SH (+8).
 f - the ring "Nunweyge" {+Fly rN+ MP+9 Dex+3}
   (You bought it in a shop on level 2 of the Vaults)

   [ring of magical power]

   It affects your dexterity (+3).
   It protects you from negative energy.
   It affects your magic capacity (+9).
   It lets you fly.
 l - the ring "Kiniosi" {rPois rC+ Dex+4 Slay+2}
   (You acquired it in Pandemonium)

   [ring of slaying]

   It affects your dexterity (+4).
   It affects your accuracy and damage with ranged weapons and melee attacks
   (+2).
   It protects you from cold.
   It protects you from poison.
 K - the ring "Qadesur" (left paw) {rC+ AC+4 Str+4 Dex+4}
   (You found it on level 7 of a ziggurat)

   [ring of protection]

   It affects your AC (+4).
   It affects your strength (+4).
   It affects your dexterity (+4).
   It protects you from cold.
 M - an uncursed ring of resist corrosion
 U - an uncursed amulet of magic regeneration
 Y - an uncursed ring of wizardry
 Z - the ring of Tauxkec (right paw) {Fire Int+5 Dex+3}
   (You took it off a deep elf elementalist on level 3 of the Elven Halls)

   [ring of fire]

   It enhances your fire magic.
   It affects your intelligence (+5).
   It affects your dexterity (+3).
   It protects you from fire.
   It makes you vulnerable to cold.
Wands
 o - a wand of teleportation (3/9)
 p - a wand of acid (6/15)
 q - a wand of digging (2/24)
 u - a wand of iceblast (3/15)
 w - a wand of hasting (2/9)
 x - a wand of iceblast (4/15)
 y - a wand of heal wounds (3/9)
 I - a wand of paralysis (15/24)
 V - a wand of disintegration (8/24)
Scrolls
 c - a scroll of amnesia
 g - 4 scrolls of fog
 i - 9 scrolls of immolation
 k - 42 scrolls of remove curse
 m - 2 scrolls of blinking
 C - 15 scrolls of fear
 J - 4 scrolls of recharging
 P - a scroll of holy word
 S - 19 scrolls of identify
 T - a scroll of summoning
Potions
 e - 19 potions of curing
 s - 10 potions of agility
 v - 2 potions of flight
 z - 14 potions of brilliance
 A - 3 potions of might
 B - 7 potions of berserk rage
 D - 2 potions of cancellation
 E - a potion of cure mutation
 O - 4 potions of invisibility
 W - 2 potions of resistance
Miscellaneous
 j - a fan of gales
 F - the horn of Geryon
 H - 11 phantom mirrors
 N - 9 boxes of beasts
 Q - 4 sacks of spiders
 X - a lamp of fire
Comestibles
 b - 26 meat rations


   Skills:
 + Level 23.1 Fighting
 - Level 20.5 Dodging
 - Level 17.6 Stealth
 + Level 26.1 Unarmed Combat
 O Level 27 Spellcasting
 - Level 12.5 Conjurations
 - Level 11.0 Charms
 - Level 10.4 Summonings
 - Level 15.6 Necromancy
 - Level 18.2 Translocations
 - Level 13.5 Transmutations
 - Level 16.0 Fire Magic
   Level 5.1 Ice Magic
 * Level 26.8 Earth Magic
 - Level 10.9 Evocations


You had 2 spell levels left.
You knew the following spells:

 Your Spells              Type           Power        Failure   Level  Hunger
a - Repel Missiles        Chrm/Air       ######       1%          2    None
b - Song of Slaying       Chrm           #######.     0%          2    None
c - Lee's Rapid Deconstr  Erth           ########..   0%          5    None
d - Iron Shot             Conj/Erth      #######...   1%          6    None
e - Regeneration          Chrm/Necr      #######...   0%          3    None
f - Statue Form           Tmut/Erth      ########.    1%          6    None
g - Control Undead        Necr           #######...   0%          4    None
h - Animate Dead          Necr           N/A          0%          4    None
i - Shatter               Erth           ########..   2%          9    #####..
j - Sublimation of Blood  Necr           #######...   0%          2    None
k - Apportation           Tloc           #######...   0%          1    None
l - Malign Gateway        Summ/Tloc      #######...   1%          7    None
m - Haste                 Chrm           #######.     1%          6    None
n - Blink                 Tloc           N/A          0%          2    None
o - Passage of Golubria   Tloc           N/A          0%          4    None
p - Ring of Flames        Chrm/Fire      ########..   2%          7    None
q - Controlled Blink      Tloc           N/A          3%          8    ###....


Dungeon Overview and Level Annotations

Branches:
Dungeon (15/15)            Temple (1/1) D:4            Lair (6/6) D:10
 Shoals (4/4) Lair:4        Snake (4/4) Lair:3        Slime (5/5) Lair:6
    Orc (2/2) D:10            Elf (3/3) Orc:2        Vaults (5/5) D:13
  Crypt (3/3) Vaults:2       Tomb (3/3) Crypt:3      Depths (5/5) D:15
   Hell (1/1)                 Dis (7/7) Hell            Geh (7/7) Hell
    Coc (7/7) Hell            Tar (7/7) Hell            Zot (5/5) Depths:5

Altars:
Ashenzari
Cheibriados
Dithmenos
Elyvilon
Fedhas
Gozag
Hepliaklqana
Kikubaaqudgha
Makhleb
Nemelex Xobeh
Okawaru
Qazlal
Ru
Sif Muna
Trog
Uskayaw
Vehumet
Xom
Yredelemnul
Zin
The Shining One
Beogh
Jiyva
Lugonu

Shops:
D:6 ?   D:7 ?   D:8 (   D:9 *   D:10 !   D:12 :%!!   D:15 *:[   Orc:1 **(!*
Orc:2 [*=(*   Vaults:1 *   Vaults:2 *=   Vaults:5 [([   Depths:1 %*:=
Depths:4 ==}

Portals:
Hell: Depths:1 Depths:2 Depths:3 Depths:4 Depths:5
Abyss: Depths:2 Depths:3 Depths:4 Depths:5
Pandemonium: Depths:3 Depths:4

Annotations:
D:5 Menkaure
D:14 exclusion: downstairs
Shoals:3 exclusion: downstairs
Elf:2 3 runed doors
Crypt:1 Mennas
Geh:7 Asmodeus
Coc:7 Antaeus


Innate Abilities, Weirdness & Mutations

You cannot wear armour.
You are incapable of wielding weapons or throwing items.
You have sharp claws.
You have razor-sharp teeth.
You have supernaturally acute eyesight. (SInv)
You are carnivorous and can eat meat at any time.
((You cover ground quickly.))
((Your thick and shaggy fur keeps you warm. (AC +3, rC+)))
You have a slow metabolism.
Your sharp claws are effective at attacking unaware monsters.


Message History

The hell beast bites you but does no damage.
The hell beast tramples you but does no damage.
You mangle the hell beast!! Your claw misses the hell beast.
Your bite misses the hell beast.
The hell beast is almost dead.
The hell beast bites you but does no damage.
The hell beast completely misses you. You block the hell beast's attack.
The hell beast completely misses you.
You mangle the hell beast!!
You kill the hell beast!
Kikubaaqudgha accepts your kill. You block the giant newt's attack.
The giant newt closely misses you. You block the giant newt's attack.
There is an open door here.
The giant newt barely misses you.
There is a staircase leading out of the dungeon here.
Your transformation is almost over.
The giant newt completely misses you. x2
You have escaped!

#.(.......
#.>.......
#.........
#......#..
#......#..
########.. #2.
############ #..
#84.#......#####4.
#.l.#..###.#......
###'#....#.#.#####
#.#....⌠.#.#.#
#.#..#.......#
#.'.####.....# ##
#.#..#......## #.
#.#....⌠.#.## #.
###'#....#.# #.


You could see a chaos spawn and a giant newt.

Vanquished Creatures
  Cerebov (Pan)
  the Royal Jelly (Slime:5)
  Ereshkigal (Tar:7)
  Gloorx Vloq (Pan)
  Mnoleg (Pan)
  the Serpent of Hell (Coc:7)
  A seraph (Pan)
  Lom Lobon (Pan)
  Dispater (Dis:7)
  5 orbs of fire
  Khufu (Tomb:1)
  11 ancient liches
  9 pandemonium lords
  18 greater mummies
  10 shard shrikes
  6 curse toes
  Xtahua (Crypt:2)
  A caustic shrike (Depths:4)
  5 Killer Klowns
  Geryon (Hell)
  4 profane servitors
  the Enchantress (Depths:5)
  10 golden dragons
  15 bone dragons
  A pearl dragon (Pan)
  2 electric golems (Zot:5)
  11 Brimstone Fiends
  6 doom hounds
  13 Tzitzimimeh
  6 iron giants
  19 liches
  14 Hell Sentinels
  11 Ice Fiends
  Rupert (D:14)
  14 tentacled monstrosities
  9 titans
  32 Orb Guardians
  3 deep elf master archers
  2 quicksilver dragons (Depths:4)
  11 sphinxes
  13 acid blobs
  2 deep elf blademasters (Elf:3)
  11 tentacled starspawn
  An eldritch tentacle (Dis:7)
  Asterion (Depths:1)
  A sphinx (shapeshifter) (Zig:5)
  12 ancient champions
  6 death cobs
  17 Executioners (Pan)
  13 tengu reavers
  A storm dragon (shapeshifter) (Depths:2)
  Agnes (D:15)
  Frances (D:12)
  8 storm dragons
  17 shadow dragons
  11 azure jellies
  13 greater nagas
  Donald (Elf:1)
  3 revenants
  2 draconian monks
  19 daevas (Pan)
  16 fire giants
  6 draconian knights
  8 deep elf sorcerers
  The ghost of Ferkelamun the Eclecticist, an adept DEFE of Vehumet (Snake:2)
  5 warmongers (Pan)
  43 balrugs
  16 frost giants
  Ilsuiw (Shoals:4)
  16 vault wardens
  19 iron dragons
  Louise (Shoals:4)
  Aizul (Depths:1)
  6 ghost moths
  8 draconian shifters
  2 iron dragons (shapeshifter) (Depths:2)
  31 cacodemons
  5 curse skulls
  An orc warlord (Orc:2)
  5 draconian scorchers
  5 draconian zealots
  20 ironheart preservers
  7 ghouls
  4 deep elf elementalists
  24 angels (Pan)
  6 draconian annihilators
  32 reapers
  9 spriggan defenders
  26 war gargoyles
  12 ophanim (Pan)
  3 draconian callers
  19 very ugly things
  24 stone giants
  14 vampire knights
  5 deep elf demonologists (Elf:3)
  8 green draconians
  Nessos (Lair:4)
  6 bennus
  25 apis (Pan)
  Azrael (D:15)
  7 corrupters
  6 black draconians
  A blood saint (Pan)
  8 lorocyprocas
  8 white draconians
  6 entropy weavers
  7 chaos champions (Pan)
  5 yellow draconians
  2 black suns (Pan)
  8 red draconians
  8 mottled draconians
  17 deep elf annihilators
  8 purple draconians
  5 spark wasps
  A ragged hierophant (Desolation)
  13 green deaths
  8 ettins
  4 eidola
  12 mummy priests
  10 death oozes
  A minotaur (Lab)
  3 crystal guardians
  3 merfolk impalers
  A minotaur (shapeshifter) (Depths:2)
  9 jiangshi
  13 deep elf death magi
  20 fire dragons
  26 blizzard demons
  2 fire dragons (shapeshifter)
  10 deep elf high priests
  21 yaktaur captains
  A kraken zombie (Coc:7)
  A quicksilver dragon skeleton (Crypt:3)
  3 quicksilver dragon zombies
  9 rakshasas
  A ghost crab (shapeshifter) (Vaults:5)
  9 naga warriors
  3 peacekeepers
  4 hydras
  35 ice dragons
  12 great orbs of eyes
  10 hell beasts
  8 monstrous demonspawn
  4 catoblepae
  4 juggernaut simulacra
  A ghost crab (Zig:4)
  6 spriggan air magi
  30 vault guards
  Erica (Orc:1)
  A merfolk avatar (Shoals:4)
  5 centaur warriors
  8 anacondas (Snake:4)
  11 deep troll shamans
  12 death yaks
  5 deep troll earth magi
  A death knight (Crypt:2)
  15 dancing weapons
  25 small abominations
  16 hell hogs
  7 vampire magi
  37 death scarabs
  2 orc high priests
  6 tengu warriors
  19 ogre magi
  12 naga sharpshooters
  A shock serpent (shapeshifter) (Depths:4)
  4 titan zombies
  8 wretched stars
  3 thrashing horrors
  10 spriggan berserkers
  Sonja (D:14)
  6 shock serpents
  4 unseen horrors
  A storm dragon zombie (Coc:6)
  13 deep elf knights
  A hellephant skeleton (Crypt:2)
  Nergalle (Lair:1)
  64 sun demons
  50 hell knights
  75 skeletal warriors
  2 spatial maelstroms (Abyss:2)
  9 iron golems
  A fire crab (shapeshifter) (Depths:4)
  3 salamander mystics
  32 soul eaters
  A death drake (Tar:6)
  28 sixfirhies
  11 iron trolls
  4 storm dragon skeletons
  6 titan skeletons
  6 gelid demonspawn (Pan)
  8 anaconda zombies
  8 giant orange brains
  11 sea snakes
  20 shadow demons
  21 starcursed masses
  13 cherubim (Pan)
  3 golden dragon zombies
  2 shadow dragon zombies
  21 shadow wraiths
  17 deep elf archers
  8 infernal demonspawn (Pan)
  A spriggan druid (Zig:4)
  6 naga ritualists
  24 deep trolls
  17 ironbrand convokers
  10 wizards
  2 swamp dragons (Zig:4)
  7 putrid demonspawn (Pan)
  3 golden dragon skeletons
  7 torturous demonspawn (Pan)
  11 necromancers
  12 harpies
  4 wolf spider zombies
  16 orc knights
  3 anaconda skeletons
  13 flayed ghosts
  21 hill giants
  7 mana vipers
  20 phantasmal warriors
  66 deep elf magi
  A hell hog zombie (Crypt:3)
  An orb spider (shapeshifter) (Elf:2)
  3 shining eyes
  5 orc sorcerers
  4 frost giant zombies
  3 shadow dragon skeletons
  7 stone giant zombies
  A mana viper (shapeshifter) (D:13)
  A moth of wrath (shapeshifter) (Depths:4)
  2 hornets (shapeshifter)
  9 griffons
  A worldbinder (Abyss:2)
  3 iron dragon zombies
  2 spriggan zombies
  3 wolf spiders
  4 iron dragon skeletons
  5 manticores
  A faun (shapeshifter) (Vaults:5)
  22 moths of wrath
  7 cyclopes
  3 fauns
  3 elephants
  5 fire giant zombies
  44 ugly things
  Maurice (D:9)
  2 centaur zombies
  6 salamanders
  Joseph (Lair:1)
  3 hornets
  An apocalypse crab (Zig:5)
  16 naga magi
  2 dire elephant zombies
  A guardian serpent (shapeshifter) (Vaults:4)
  7 sirens
  An elephant (shapeshifter) (Depths:1)
  3 frost giant skeletons
  3 stone giant skeletons
  3 shock serpent zombies
  A black mamba (shapeshifter) (Vaults:4)
  23 rust devils
  11 vault sentinels
  29 black mambas
  5 fire giant skeletons
  An eye of devastation (shapeshifter) (Elf:1)
  2 spiny frogs (shapeshifter)
  33 smoke demons
  3 water nymphs
  A mottled draconian zombie (Crypt:2)
  A shock serpent skeleton (Crypt:2)
  3 ice statues
  4 spiny frogs
  2 eyes of devastation
  A yellow draconian zombie (Crypt:3)
  5 molten gargoyles (Geh:7)
  A storm dragon simulacrum (Abyss:4)
  24 orange demons
  10 guardian serpents
  An alligator snapping turtle skeleton (Crypt:1)
  2 rime drakes (Lair:5)
  2 yaktaurs (shapeshifter)
  10 efreet
  A catoblepas zombie (Dis:7)
  3 emperor scorpion zombies
  2 rime drakes (shapeshifter)
  An anaconda simulacrum (Hell)
  17 hellions
  A red draconian skeleton (Pan)
  29 freezing wraiths
  28 tormentors
  4 komodo dragons
  24 ice devils
  12 demonic crawlers (Pan)
  A kobold demonologist (D:13)
  24 hellwings (Pan)
  A redback zombie (Crypt:3)
  A queen bee (shapeshifter) (Depths:4)
  3 tengu conjurers
  45 yaktaurs
  35 guardian mummies
  9 merfolk
  32 red devils
  3 catoblepas skeletons
  3 silent spectres
  A queen bee (D:10)
  12 hydra zombies
  6 ancient zymes
  A wolf spider simulacrum (D:15)
  8 trolls
  A troll (shapeshifter) (Depths:3)
  12 hydra skeletons
  2 jumping spiders
  3 wind drakes
  2 fire dragon zombies
  A boulder beetle (shapeshifter) (Vaults:5)
  An iron dragon simulacrum (Coc:7)
  A snapping turtle (shapeshifter) (Elf:2)
  12 blink frogs
  4 ettin zombies
  A harpy zombie (D:14)
  19 raiju
  7 saltlings (Desolation)
  2 ice dragon zombies
  4 bog bodies (Coc:7)
  A blink frog (shapeshifter) (Vaults:4)
  91 slime creatures
  30 two-headed ogres
  2 harpy skeletons
  3 boulder beetles
  7 air elementals
  7 snapping turtles
  A tarantella (shapeshifter) (Vaults:5)
  2 alligator skeletons (Coc:7)
  55 flying skulls
  18 shadows
  A vampire (D:13)
  Sigmund (D:5)
  28 ynoxinuls
  4 fire dragon skeletons
  A redback (shapeshifter) (Depths:4)
  4 redbacks
  10 ushabtiu
  27 wraiths
  7 alligator zombies
  3 ice dragon skeletons
  4 spriggans
  11 water elementals
  4 ettin skeletons
  4 wyverns
  Eustachio (D:6)
  3 black mamba skeletons
  A hog (shapeshifter) (Vaults:3)
  6 fire bats
  5 basilisks
  44 yaks
  32 fire elementals
  4 golden eyes
  5 hungry ghosts
  16 neqoxecs
  A steam dragon (shapeshifter) (Depths:3)
  13 vampire mosquitoes
  19 chaos spawn
  A human simulacrum (Vaults:1)
  7 hippogriffs
  3 mottled dragons
  3 spatial vortices (Abyss:2)
  18 wargs
  39 large abominations
  11 insubstantial wisps
  A swamp worm (shapeshifter) (Depths:5)
  Edmund (D:6)
  A hydra simulacrum (Depths:2)
  38 nagas
  A spiny frog zombie (Geh:5)
  39 hell hounds
  8 water moccasins
  A swamp drake (Zig:4)
  A hornet simulacrum (D:15)
  45 orc warriors
  3 snapping turtle zombies
  3 spiny frog skeletons
  15 ice beasts
  5 porcupines
  An alligator simulacrum (Hell)
  A merfolk skeleton (Crypt:2)
  2 wasps
  A swamp dragon zombie (Tar:7)
  A sky beast (D:12)
  4 eyes of draining
  67 ogres
  12 wolves
  3 phantoms
  13 necrophages
  22 boggarts
  5 snapping turtle skeletons
  7 centaurs
  A lindwurm skeleton (Crypt:1)
  3 manticore skeletons
  A swamp dragon skeleton (Crypt:3)
  2 crocodiles (shapeshifter)
  11 crocodiles
  A big kobold (D:9)
  9 giant frogs
  2 earth elementals
  An elf skeleton (Pan)
  A wyvern zombie (D:6)
  2 wyvern skeletons
  A hell hound skeleton (Crypt:2)
  5 scorpions
  19 killer bees
  37 wights
  9 howler monkeys
  An electric eel (Lair:3)
  21 crimson imps
  2 giant frog skeletons
  8 hounds
  3 jellies
  6 centaur skeletons
  5 human zombies
  21 orc priests
  7 iguanas
  26 iron imps
  3 human skeletons
  28 orc wizards
  11 worker ants
  A killer bee zombie (D:7)
  2 tengu zombies
  A felid skeleton (Crypt:2)
  A demigod skeleton (Crypt:1)
  A tengu skeleton (Geh:3)
  A mottled dragon skeleton (Crypt:1)
  26 mummies
  2 worker ant zombies
  17 adders
  11 gnolls
  40 river rats
  8 shadow imps
  13 white imps
  6 ufetubi
  3 oozes (D:3)
  3 adder zombies
  2 adder skeletons
  A dart slug (D:3)
  11 giant geckos
  87 orcs
  6 bats
  A giant cockroach (D:1)
  4 goblins
  A hobgoblin (D:2)
  8 jackals
  A jackal (shapeshifter) (Elf:1)
  6 kobolds
  8 quokkas
  A ball python (D:4)
  A giant gecko skeleton (D:8)
  A giant gecko zombie (D:7)
  3 giant newts
  A jackal skeleton (D:4)
  A jackal zombie (D:5)
  An orc skeleton (D:7)
  An orc zombie (Tomb:1)
  A quokka skeleton (D:7)
  7 rats
  2 crawling corpses (Elf:3)
  A lurking horror (Abyss:2)
  2 plants
  9 starspawn tentacles
  A tentacle (Coc:7)
4317 creatures vanquished.

Vanquished Creatures (collateral kills)
  2 ancient liches
  10 greater mummies
  A Killer Klown (Zot:5)
  Saint Roka (Crypt:1)
  Frederick (Vaults:5)
  2 caustic shrikes (Depths:4)
  A golden dragon (Vaults:5)
  A pearl dragon (Pan)
  A Tzitzimitl (Tar:4)
  An iron giant (Dis:7)
  A bone dragon (Tar:7)
  4 tentacled monstrosities
  A lich (Zig:6)
  A titan (Vaults:5)
  An acid blob (Slime:5)
  Polyphemus (Shoals:4)
  3 ancient champions
  A sphinx (Depths:4)
  Kirke (Lair:4)
  Roxanne (Shoals:4)
  2 shadow dragons (Tar:7)
  2 greater nagas (Snake:4)
  4 frost giants
  An iron dragon (Dis:7)
  A fire giant (Vaults:5)
  A draconian scorcher (Zot:3)
  A cacodemon (Pan)
  3 vault wardens
  A draconian shifter (Depths:5)
  A draconian zealot (Zot:4)
  4 very ugly things
  2 ghouls (Crypt:1)
  A stone giant (shapeshifter) (Depths:2)
  6 stone giants
  An angel (Pan)
  2 bennus (Tomb:3)
  A black draconian (Depths:5)
  7 reapers
  2 apis (Pan)
  A vampire knight (Zig:6)
  3 ophanim (Pan)
  A yellow draconian (Zot:4)
  A mottled draconian (Depths:5)
  A purple draconian (Zot:4)
  2 blizzard demons (Pan)
  An eidolon (Zig:9)
  5 mummy priests
  2 merfolk javelineers
  4 ettins
  6 merfolk impalers
  2 fire dragons
  Josephine (Lair:4)
  4 ogre magi
  A jiangshi (Crypt:2)
  2 great orbs of eyes
  A hell beast (Pan)
  4 yaktaur captains
  A peacekeeper (Desolation)
  2 vault guards
  A quicksilver dragon skeleton (Tomb:3)
  A rakshasa (Pan)
  2 naga warriors
  6 hydras
  Harold (Lair:4)
  11 anacondas
  An alligator snapping turtle (Shoals:1)
  An anaconda (shapeshifter) (Depths:1)
  2 merfolk aquamancers (Shoals:4)
  7 ice dragons
  2 merfolk avatars
  3 catoblepae (Lair:6)
  2 death knights
  3 deep troll shamans
  2 satyrs
  A deep troll earth mage (Depths:1)
  A tengu warrior (Depths:1)
  19 death scarabs (Tomb:3)
  2 dancing weapons
  3 naga sharpshooters
  5 death yaks
  Urug (D:13)
  A spriggan berserker (Depths:4)
  3 sun demons (Pan)
  3 hell knights
  3 soul eaters
  12 skeletal warriors
  A titan skeleton (Crypt:3)
  A sixfirhy (Pan)
  2 shadow wraiths
  3 deep trolls
  A salamander mystic (Snake:4)
  A flayed ghost (Depths:5)
  A storm dragon skeleton (Coc:5)
  5 sea snakes
  A putrid demonspawn (Pan)
  3 naga ritualists
  A deep elf archer (Zig:7)
  An anaconda zombie (Coc:5)
  An infernal demonspawn (Depths:4)
  A shadow dragon zombie (Dis:7)
  A torturous demonspawn (Pan)
  3 ironbrand convokers (Vaults:5)
  7 harpies
  An anaconda skeleton (Tar:6)
  2 phantasmal warriors
  3 necromancers
  7 hill giants
  3 griffons
  A shadow dragon skeleton (Coc:5)
  5 ugly things
  2 deep elf magi
  3 mana vipers
  6 manticores
  2 cyclopes
  An oklob plant (Zig:9)
  5 fauns
  2 salamanders
  5 guardian serpents (Snake:4)
  5 elephants (Lair:6)
  3 stone giant skeletons
  7 black mambas
  8 sirens
  6 naga magi
  2 vault sentinels
  2 rust devils (Dis:7)
  2 water nymphs (Shoals:4)
  2 ice statues (IceCv)
  2 orange demons (Pan)
  A gargoyle (D:14)
  2 centaur skeletons (D:13)
  7 spiny frogs
  A rime drake (Lair:3)
  A hellion (Dis:1)
  A kobold demonologist (D:11)
  10 yaktaurs
  3 komodo dragons
  3 ice devils
  3 demonic crawlers (Pan)
  A yaktaur skeleton (Vaults:3)
  2 tormentors
  A freezing wraith (Coc:5)
  8 guardian mummies (Tomb:3)
  A hellwing (Pan)
  3 trolls
  14 merfolk
  A polar bear (D:15)
  8 blink frogs
  2 raiju (Abyss:2)
  5 slime creatures
  6 two-headed ogres
  Prince Ribbit (Lair:1)
  A boulder beetle (Vaults:1)
  2 dream sheep (Shoals:4)
  2 large abominations (Pan)
  2 bog bodies (Coc:7)
  A snapping turtle (Shoals:4)
  7 flying skulls
  An air elemental (Depths:4)
  A fire dragon skeleton (Coc:7)
  An ice dragon skeleton (Coc:5)
  A spriggan (Lair:2)
  7 wraiths
  2 shadows
  An ushabti (Tomb:2)
  An ettin skeleton (Vaults:3)
  A fire elemental (Hell)
  2 basilisks
  A water elemental (D:15)
  11 yaks
  3 hogs (Lair:4)
  4 vampire mosquitoes
  A hippogriff (D:15)
  A fire bat (Pan)
  A chaos spawn (Pan)
  3 wargs
  A mottled dragon (D:11)
  A soldier ant (shapeshifter) (Vaults:3)
  8 nagas
  3 hell hounds
  A porcupine (Lair:2)
  3 water moccasins
  2 orc warriors
  2 orc priests
  A snapping turtle zombie (Coc:5)
  2 ice beasts (D:15)
  29 ogres
  6 wolves
  A centaur (Shoals:1)
  3 crocodiles
  A spiny frog simulacrum (Coc:1)
  3 killer bees (D:10)
  6 wights
  4 crimson imps
  A giant frog skeleton (D:13)
  An iron imp (Dis:7)
  An orc wizard (Orc:2)
  2 iguanas
  7 mummies (Tomb:3)
  9 river rats
  3 shadow imps
  5 white imps
  A worm (shapeshifter) (Depths:5)
  14 orcs
  A fire vortex (Pan)
  3 fungi
  6 plants
618 creatures vanquished.

Vanquished Creatures (others)
  Bai Suzhen (Shoals:4)
  13 eldritch tentacles
  A draconian monk (Depths:5)
  A fire giant (Depths:5)
  A vault warden (Vaults:2)
  2 stone giants (Vaults:5)
  A vampire knight (Depths:4)
  A yellow draconian (Zot:4)
  A merfolk javelineer (Depths:1)
  A yaktaur captain (Vaults:5)
  An ogre mage (Depths:3)
  A rakshasa (Pan)
  A spriggan air mage (Depths:3)
  A deep troll earth mage (Depths:2)
  4 death scarabs (Tomb:3)
  A shock serpent (Snake:2)
  A giant orange brain (Pan)
  2 unseen horrors
  A flayed ghost (Geh:7)
  A cherub (Pan)
  A harpy (Zig:7)
  A salamander (Snake:4)
  An iron dragon skeleton (Tomb:2)
  A naga mage (Zig:8)
  A black mamba (Zig:8)
  A guardian serpent (Zig:8)
  A dire elephant skeleton (Tomb:2)
  A centaur skeleton (D:15)
  An efreet (Depths:2)
  A hellion (Geh:7)
  A guardian mummy (Tomb:2)
  A red devil (Abyss:4)
  12 flying skulls
  2 ynoxinuls
  A golden eye (Slime:4)
  A vampire mosquito (D:13)
  A hell hound (Geh:2)
  An orc warrior (Orc:2)
  An ogre (Depths:3)
  A boggart (Depths:4)
  2 wights (Geh:2)
  5 mummies (Tomb:2)
  A white imp (D:15)
  2 ball lightnings (Pan)
  4 orcs
  A fire vortex (Pan)
  15 fungi
  41 plants
  28 starspawn tentacles
  15 tentacles (Coc:7)
183 creatures vanquished.

Grand Total: 5118 creatures vanquished

Notes
Turn   | Place    | Note
-------+----------+-------------------------------------------
     0 | D:1      | suvakkihuora the Felid Skald began the quest for the Orb.
     0 | D:1      | Reached XP level 1. HP: 9/9 MP: 4/4
   203 | D:1      | Reached skill level 1 in Stealth
   277 | D:1      | Reached XP level 2. HP: 13/13 MP: 6/6
   554 | D:1      | Learned a level 2 spell: Song of Slaying
   557 | D:1      | Learned a level 2 spell: Shroud of Golubria
  1395 | D:2      | Reached XP level 3. HP: 16/16 MP: 3/7
  1788 | D:2      | Reached XP level 4. HP: 20/20 MP: 2/8
  2474 | D:4      | Reached XP level 5. HP: 24/24 MP: 1/9
  2779 | D:4      | Found a staircase to the Ecumenical Temple.
  2785 | Temple   | Entered the Ecumenical Temple
  2843 | Temple   | Became a worshipper of Kikubaaqudgha
  2941 | D:4      | Reached skill level 5 in Unarmed Combat
  3292 | D:4      | Gained mutation: You are covered in thick fur. (AC +2) [Felid growth]
  3292 | D:4      | Reached XP level 6. HP: 24/28 MP: 4/10
  4099 | D:3      | Reached * piety under Kikubaaqudgha
  4099 | D:3      | Identified Kikubaaqudgha's Tome of Stolen Souls (Kikubaaqudgha gifted it to you on level 3 of the Dungeon)
  4099 | D:3      | Received a gift from Kikubaaqudgha
  4136 | D:3      | Learned a level 2 spell: Corpse Rot
  4140 | D:3      | Learned a level 3 spell: Regeneration
  4525 | D:3      | Reached skill level 1 in Necromancy
  4676 | D:3      | Reached skill level 3 in Spellcasting
  4768 | D:4      | Reached XP level 7. HP: 31/31 MP: 2/12
  4927 | D:5      | Entered Level 5 of the Dungeon
  4936 | D:5      | Noticed Sigmund
  5067 | D:5      | Reached ** piety under Kikubaaqudgha
  5563 | D:5      | Killed Sigmund
  5563 | D:5      | Reached skill level 4 in Spellcasting
  5573 | D:5      | Reached XP level 8. HP: 32/36 MP: 1/15
  5719 | D:5      | Learned a level 3 spell: Vampiric Draining
  5800 | D:5      | Noticed Menkaure
  5803 | D:5      | Found a radiant altar of Vehumet.
  6428 | D:5      | Reached skill level 5 in Dodging
  6586 | D:6      | Found Jemew's Magic Scroll Shoppe.
  6612 | D:6      | Bought a scroll of identify for 26 gold pieces
  6612 | D:6      | Bought a scroll of magic mapping for 45 gold pieces
  6612 | D:6      | Bought a scroll of blinking for 97 gold pieces
  6612 | D:6      | Bought a scroll of identify for 26 gold pieces
  6612 | D:6      | Bought a scroll of identify for 26 gold pieces
  6612 | D:6      | Bought a scroll of teleportation for 39 gold pieces
  6788 | D:6      | Noticed Edmund
  6805 | D:6      | Killed Edmund
  6805 | D:6      | Reached skill level 5 in Spellcasting
  6831 | D:6      | Learned a level 4 spell: Control Undead
  6847 | D:6      | Noticed Eustachio
  6902 | D:6      | Killed Eustachio
  6910 | D:6      | Found a white marble altar of Elyvilon.
  6956 | D:6      | Reached skill level 5 in Necromancy
  7262 | D:6      | Found a shattered altar of Ashenzari.
  7262 | D:6      | Found a sacrificial altar of Ru.
  7467 | D:7      | Reached XP level 9. HP: 37/39 MP: 12/18
  7844 | D:7      | Found an ancient bone altar of Kikubaaqudgha.
  7918 | D:7      | Reached skill level 6 in Spellcasting
  7953 | D:7      | Reached *** piety under Kikubaaqudgha
  7953 | D:7      | Identified Kikubaaqudgha's Handbook of Darkness (Kikubaaqudgha gifted it to you on level 7 of the Dungeon)
  7953 | D:7      | Received a gift from Kikubaaqudgha
  8453 | D:7      | Found Meurusm's Magic Scroll Emporium.
  8464 | D:7      | Bought a scroll of immolation for 52 gold pieces
  8464 | D:7      | Bought a scroll of identify for 30 gold pieces
  8464 | D:7      | Bought a scroll of identify for 30 gold pieces
  8464 | D:7      | Bought a scroll of fear for 52 gold pieces
  8618 | D:8      | Found Ojuthradi's Weapon Shoppe.
  8776 | D:9      | Found a deep blue altar of Sif Muna.
  8776 | D:9      | Found a glowing golden altar of the Shining One.
  8804 | D:9      | Noticed a centaur warrior
  8823 | D:9      | Killed a centaur warrior
  8823 | D:9      | Reached skill level 7 in Spellcasting
  8901 | D:9      | Reached XP level 10. HP: 42/42 MP: 10/21
  8954 | D:9      | Learned a level 4 spell: Animate Dead
  8972 | D:9      | Noticed Maurice
  9013 | D:9      | Killed Maurice
  9256 | D:9      | Found Itwuthis's General Store.
  9259 | D:9      | Bought a scroll of identify for 26 gold pieces
  9383 | D:9      | Found a glowing silver altar of Zin.
  9384 | D:9      | Found an opulent altar of Gozag.
  9577 | D:8      | Reached skill level 5 in Charms
  9960 | D:8      | Found a stormy altar of Qazlal.
 10159 | D:10     | Entered Level 10 of the Dungeon
 10446 | D:10     | Found a staircase to the Orcish Mines.
 10688 | D:10     | Found a staircase to the Lair.
 10864 | D:10     | Reached **** piety under Kikubaaqudgha
 11137 | D:10     | Reached skill level 8 in Spellcasting
 11700 | D:10     | Found Kegecixzyf's Distillery.
 11703 | D:10     | Bought a potion of heal wounds for 80 gold pieces
 11796 | D:11     | Reached skill level 5 in Fighting
 11796 | D:11     | Reached XP level 11. HP: 47/47 MP: 21/24
 11813 | D:11     | Learned a level 5 spell: Dispel Undead
 12075 | D:11     | Noticed a hill giant
 12176 | D:11     | Killed a hill giant
 12327 | D:11     | Noticed a hill giant
 12346 | D:11     | Killed a hill giant
 12436 | D:11     | Noticed a hill giant
 12458 | D:11     | Killed a hill giant
 12994 | Lair:1   | Entered Level 1 of the Lair of Beasts
 13004 | Lair:1   | Noticed Nergalle
 13027 | Lair:1   | Killed Nergalle
 13100 | Lair:1   | Reached skill level 1 in Evocations
 13272 | Lair:1   | Reached skill level 9 in Spellcasting
 13349 | Lair:1   | Noticed an eight-headed hydra
 13360 | Lair:1   | Killed an eight-headed hydra
 13386 | Lair:1   | Learned a level 2 spell: Sublimation of Blood
 13467 | Lair:1   | Noticed Prince Ribbit
 13473 | Lair:1   | Killed Prince Ribbit
 13541 | Lair:1   | Reached skill level 5 in Stealth
 13758 | Lair:1   | Noticed Joseph
 13761 | Lair:1   | Noticed a six-headed hydra
 13959 | Lair:2   | Reached skill level 10 in Necromancy
 14348 | Lair:2   | Noticed a seven-headed hydra
 14382 | Lair:2   | Killed a seven-headed hydra
 14470 | Lair:2   | Reached ***** piety under Kikubaaqudgha
 14616 | Lair:2   | Gained mutation: Your thick and shaggy fur keeps you warm. (AC +3, rC+) [Felid growth]
 14616 | Lair:2   | Reached XP level 12. HP: 42/52 MP: 20/26
 14768 | Lair:2   | Reached skill level 10 in Unarmed Combat
 14988 | Lair:2   | Noticed an eight-headed hydra
 15000 | Lair:2   | Killed an eight-headed hydra
 15448 | Lair:3   | Reached skill level 1 in Translocations
 15663 | Lair:3   | Found a staircase to the Snake Pit.
 15909 | Lair:4   | Noticed Harold
 15921 | Lair:4   | Killed Harold
 15926 | Lair:4   | Found a labyrinth entrance.
 15967 | Lab      | Entered a labyrinth
 16189 | Lab      | Noticed a minotaur
 16198 | Lab      | Killed a minotaur
 16313 | Lab      | Learned a level 2 spell: Repel Missiles
 16370 | Lair:4   | Noticed Josephine
 16396 | Lair:4   | Noticed an eight-headed hydra
 16410 | Lair:4   | Killed an eight-headed hydra
 16438 | Lair:4   | Killed Josephine
 16971 | Lair:4   | Noticed Nessos
 17009 | Lair:4   | Noticed a four-headed hydra
 17018 | Lair:4   | Killed a four-headed hydra
 17051 | Lair:4   | Killed Nessos
 17057 | Lair:4   | Noticed Kirke
 17102 | Lair:4   | Killed Kirke
 17102 | Lair:4   | Reached skill level 10 in Spellcasting
 17138 | Lair:4   | Found a staircase to the Shoals.
 17228 | Lair:5   | Found a frozen archway.
 17253 | IceCv    | Entered an ice cave
 17363 | IceCv    | Reached XP level 13. HP: 57/57 MP: 25/28
 17877 | Lair:5   | Learned a level 1 spell: Apportation
 18485 | Lair:6   | Entered Level 6 of the Lair of Beasts
 19529 | Lair:6   | Found a runed door.
 19529 | Lair:6   | Found a viscous altar of Jiyva.
 19529 | Lair:6   | Found a staircase to the Slime Pits.
 19529 | Lair:6   | Noticed an azure jelly
 19529 | Lair:6   | Noticed an azure jelly
 19529 | Lair:6   | Noticed an azure jelly
 20470 | Lair:6   | Reached skill level 11 in Spellcasting
 20652 | Lair:6   | Reached XP level 14. HP: 40/63 MP: 1/30
 20659 | Lair:6   | Learned a level 5 spell: Agony
 20926 | Lair:1   | Killed Joseph
 21223 | D:6      | Bought a scroll of identify for 26 gold pieces
 21223 | D:6      | Bought a scroll of identify for 26 gold pieces
 21293 | D:7      | Bought a scroll of blinking for 112 gold pieces
 21380 | Orc:1    | Entered Level 1 of the Orcish Mines
 21393 | Orc:1    | Found Fant's Distillery.
 21420 | Orc:1    | Bought a potion of degeneration for 17 gold pieces
 21461 | Orc:1    | Noticed Erica
 21467 | Orc:1    | Found Rall's General Store.
 21541 | Orc:1    | Bought a scroll of identify for 24 gold pieces
 21541 | Orc:1    | Bought a scroll of identify for 24 gold pieces
 21662 | Orc:1    | Killed Erica
 21926 | D:9      | Bought a wand of hasting (5/9) for 702 gold pieces
 22115 | Orc:1    | Found Opuirr's Weapon Boutique.
 22117 | Orc:1    | Found Vaugisid's General Store.
 22142 | Orc:2    | Entered Level 2 of the Orcish Mines
 22142 | Orc:2    | Found a staircase to the Elven Halls.
 22319 | Orc:2    | Found Faok's General Store.
 22438 | Orc:1    | Found Peus's Assorted Antiques.
 22567 | Orc:2    | Reached ****** piety under Kikubaaqudgha
 22573 | Orc:2    | Received a gift from Kikubaaqudgha
 22670 | Orc:2    | Reached skill level 5 in Evocations
 22824 | Orc:2    | Noticed an orc warlord
 23255 | Orc:2    | Killed an orc warlord
 23678 | Orc:2    | Found a roughly hewn altar of Beogh.
 23808 | Orc:2    | Found Noifru's Antique Weapon Shoppe.
 23970 | Orc:2    | Found Tiroemi's Jewellery Shoppe.
 23987 | Orc:2    | Found Kobbou's Antique Armour Shoppe.
 24002 | Orc:2    | Found Kekel's General Store.
 24045 | Orc:2    | Bought a +4 ring of evasion for 540 gold pieces
 24504 | D:11     | You fall through a shaft for 2 floors!
 24758 | D:12     | Gained mutation: You are partially covered in icy blue scales. (AC +2) [mutagenic meat]
 24781 | D:12     | Noticed Frances
 24798 | D:12     | Killed Frances
 24895 | D:12     | Found Othrik's Book Shop.
 24962 | D:12     | Found Gastrafoa's Distillery.
 24987 | D:12     | Bought a potion of might for 60 gold pieces
 24987 | D:12     | Bought a potion of cancellation for 120 gold pieces
 25037 | D:12     | Found Derobog's Distillery.
 25044 | D:12     | Bought 2 potions of heal wounds for 100 gold pieces
 25044 | D:12     | Bought a potion of heal wounds for 50 gold pieces
 25044 | D:12     | Bought a potion of heal wounds for 50 gold pieces
 25328 | D:12     | Found Fenuere's Food Shoppe.
 25753 | D:13     | Noticed Urug
 25787 | D:13     | Killed Urug
 27361 | D:13     | Found a gate to the Vaults.
 27579 | D:14     | Reached skill level 10 in Dodging
 27632 | D:14     | Reached XP level 15. HP: 67/67 MP: 28/31
 27643 | D:14     | Upgraded the game from 0.19-a0-1268-g6c5d9f8 to 0.19-a0-1292-g796ee4d
 27710 | D:14     | Found a portal to a secret trove of treasure.
 27844 | D:14     | Noticed Rupert
 27877 | D:14     | Killed Rupert
 28140 | D:14     | Noticed Sonja
 28171 | D:14     | Killed Sonja
 28183 | D:15     | Entered Level 15 of the Dungeon
 28652 | D:11     | Noticed a frost giant
 28788 | D:11     | Killed a frost giant
 28897 | D:11     | Identified the Disquisition on the Evil Oath
 29206 | Snake:1  | Entered Level 1 of the Snake Pit
 30035 | Snake:2  | Shot with a bolt by a naga sharpshooter
 30036 | Snake:2  | Reached XP level 14. HP: -3/64 MP: 30/30
 30521 | Shoals:1 | Entered Level 1 of the Shoals
 31115 | Shoals:2 | Reached skill level 10 in Stealth
 31423 | Shoals:2 | Reached XP level 15. HP: 68/68 MP: 31/31
 31824 | Shoals:3 | Reached skill level 10 in Fighting
 32106 | Shoals:4 | Entered Level 4 of the Shoals
 32112 | Shoals:4 | Noticed Bai Suzhen
 32146 | Shoals:4 | Killed Bai Suzhen
 32146 | Shoals:4 | Reached skill level 12 in Spellcasting
 32148 | Shoals:4 | Noticed Ilsuiw
 32154 | Shoals:4 | Noticed Polyphemus
 32165 | Shoals:4 | Killed Polyphemus
 32333 | Shoals:3 | Upgraded the game from 0.19-a0-1292-g796ee4d to 0.19-a0-1320-g0178847
 32834 | Elf:1    | Entered Level 1 of the Elven Halls
 33000 | Elf:1    | Found a ruined silver gateway.
 33068 | Desolati | Entered the Desolation of Salt
 33538 | Elf:1    | Noticed Donald
 33601 | Elf:1    | Killed Donald
 33722 | Elf:1    | Reached skill level 15 in Unarmed Combat
 34512 | Elf:1    | Learned a level 3 spell: Ozocubu's Armour
 34567 | Elf:1    | Identified the Volume of Conjuration
 34793 | Elf:1    | Reached XP level 16. HP: 75/75 MP: 28/33
 35430 | Orc:1    | Bought 2 potions of curing for 72 gold pieces
 35455 | Orc:1    | Bought a potion of heal wounds for 85 gold pieces
 35455 | Orc:1    | Bought a potion of curing for 51 gold pieces
 35515 | D:10     | Bought a potion of curing for 48 gold pieces
 35515 | D:10     | Bought a potion of curing for 48 gold pieces
 35515 | D:10     | Bought 2 potions of invisibility for 256 gold pieces
 35584 | D:12     | Bought a potion of curing for 30 gold pieces
 35584 | D:12     | Bought 2 potions of might for 80 gold pieces
 35606 | D:12     | Bought a potion of curing for 45 gold pieces
 35696 | D:14     | You paid a toll of 17 potions of curing to enter a treasure trove
 35697 | Trove    | Entered a treasure trove
 35762 | Trove    | Reached XP level 17. HP: 81/81 MP: 34/34
 36352 | Elf:2    | Reached skill level 1 in Ice Magic
 36546 | Elf:3    | Entered Level 3 of the Elven Halls
 36579 | Elf:2    | Found a runed gate.
 36579 | Elf:2    | Found a runed gate.
 36579 | Elf:2    | Found a runed gate.
 37986 | D:12     | Bought a book of Spatial Translocations for 845 gold pieces
 37989 | D:12     | Learned a level 2 spell: Blink
 38727 | Shoals:4 | Noticed Louise
 38764 | Shoals:4 | Killed Louise
 39046 | Shoals:4 | Noticed Roxanne
 39075 | Shoals:4 | Killed Ilsuiw
 39422 | Shoals:4 | Reached skill level 5 in Ice Magic
 39568 | Shoals:4 | Got a barnacled rune of Zot
 39756 | Shoals:4 | Killed Roxanne
 39756 | Shoals:4 | Reached XP level 18. HP: 85/85 MP: 26/35
 39760 | Shoals:4 | Identified Roxanne's Collected Works on Clay (You took it off Roxanne on level 4 of the Shoals)
 40159 | Vaults:1 | Entered Level 1 of the Vaults
 40777 | Vaults:1 | Found Loifoph's General Store.
 40833 | Vaults:1 | Reached skill level 13 in Spellcasting
 40843 | Vaults:1 | Learned a level 6 spell: Statue Form
 40937 | Vaults:1 | Reached skill level 1 in Transmutations
 40937 | Vaults:1 | Reached skill level 1 in Earth Magic
 42248 | Vaults:1 | Reached skill level 5 in Transmutations
 42820 | Vaults:2 | Reached skill level 5 in Earth Magic
 43079 | Vaults:2 | Found Lelon's Assorted Antiques.
 43084 | Vaults:2 | Bought a scintillating bronze ring for 200 gold pieces
 43084 | Vaults:2 | Identified the ring "Nunweyge" {+Fly rN+ MP+9 Dex+3} (You bought it in a shop on level 2 of the Vaults)
 43488 | Vaults:2 | Found Xusaam's Jewellery Shoppe.
 43529 | Vaults:2 | Found a staircase to the Crypt.
 43529 | Vaults:2 | Found an ancient bone altar of Kikubaaqudgha.
 43530 | Vaults:2 | Found a basalt altar of Yredelemnul.
 43536 | Crypt:1  | Entered Level 1 of the Crypt
 44438 | Vaults:3 | Reached XP level 19. HP: 65/89 MP: 37/37
 44518 | Vaults:3 | Found a gateway to a bazaar.
 45355 | Vaults:4 | Noticed a lich
 45367 | Vaults:4 | Killed a lich
 45812 | Vaults:3 | Reached skill level 10 in Transmutations
 46273 | Bazaar   | Entered a bazaar
 46277 | Bazaar   | Found Binwax's Jewellery Boutique.
 46295 | Bazaar   | Found Joegh's Antique Weapon Shoppe.
 46313 | Bazaar   | Found Nettor's Food Boutique.
 46331 | Bazaar   | Found Moaraz's Antique Armour Emporium.
 47359 | Elf:3    | Slain by a deep elf blademaster
 47360 | Elf:3    | Reached XP level 18. HP: 0/127 MP: 45/45
 47374 | Elf:3    | Upgraded the game from 0.19-a0-1320-g0178847 to 0.19-a0-1341-g3513869
 47881 | Elf:3    | Noticed a Hell Sentinel
 48069 | Elf:3    | Got a glittering lead ring
 48070 | Elf:3    | Identified the ring of Tauxkec {Fire Int+5 Dex+3} (You took it off a deep elf elementalist on level 3 of the Elven Halls)
 48709 | Elf:3    | Reached XP level 19. HP: 89/89 MP: 37/37
 49283 | Snake:2  | Reached skill level 14 in Spellcasting
 49319 | Snake:2  | Noticed Ferkelamun's ghost (adept DEFE)
 49343 | Snake:2  | Killed Ferkelamun's ghost
 50159 | Snake:4  | Entered Level 4 of the Snake Pit
 51252 | Snake:4  | Reached skill level 15 in Spellcasting
 51347 | Snake:4  | Got a serpentine rune of Zot
 51353 | Snake:4  | Learned a level 4 spell: Passage of Golubria
 51614 | Snake:1  | Reached skill level 10 in Earth Magic
 52102 | D:15     | Reached XP level 20. HP: 93/93 MP: 40/40
 52256 | D:15     | Found Hidiy's Assorted Antiques.
 52435 | D:15     | Reached skill level 5 in Translocations
 52474 | D:15     | Noticed Azrael
 52478 | D:15     | Killed Azrael
 52489 | D:15     | Found a staircase to the Depths.
 52560 | D:15     | Noticed Agnes
 52566 | D:15     | Killed Agnes
 52616 | D:15     | Found Gezem's Antique Armour Shoppe.
 52626 | D:15     | Found Tyobuaf's Book Boutique.
 53690 | Crypt:1  | Noticed Mennas
 53909 | Crypt:1  | Noticed Saint Roka
 53921 | Crypt:1  | Killed Saint Roka
 54201 | Crypt:2  | Reached skill level 15 in Dodging
 54475 | Crypt:3  | Entered Level 3 of the Crypt
 54751 | Crypt:3  | Reached skill level 10 in Charms
 54884 | Crypt:2  | Noticed Xtahua
 54887 | Crypt:2  | Killed Xtahua
 54887 | Crypt:2  | Reached XP level 21. HP: 99/99 MP: 41/41
 55250 | Crypt:3  | Learned a level 5 spell: Lee's Rapid Deconstruction
 55988 | Orc:2    | Bought a scroll of amnesia for 42 gold pieces
 56620 | Crypt:3  | Noticed a profane servitor
 56623 | Crypt:3  | Noticed a profane servitor
 56636 | Crypt:3  | Killed a profane servitor
 56644 | Crypt:3  | Killed a profane servitor
 56694 | Crypt:3  | Found a basalt altar of Yredelemnul.
 56700 | Crypt:3  | Found an ancient bone altar of Kikubaaqudgha.
 56739 | Crypt:3  | Identified Coneggur's Almanac of Dark Secrets
 56745 | Crypt:3  | Got a transparent golden ring
 56746 | Crypt:3  | Identified the ring of Goipaem {rF+ MR- AC+4 SInv Stlth+} (You found it on level 3 of the Crypt)
 56795 | Crypt:3  | Identified the Guide on Igneous Slavery
 56934 | Crypt:3  | Found a staircase to the Tomb.
 56943 | Tomb:1   | Entered Level 1 of the Tomb of the Ancients
 57205 | Tomb:1   | Noticed a greater mummy
 57207 | Tomb:1   | Noticed Khufu
 57236 | Tomb:1   | Killed Khufu
 57244 | Tomb:1   | Killed a greater mummy
 57247 | Tomb:1   | Noticed a greater mummy
 57253 | Tomb:1   | Killed a greater mummy
 57408 | Tomb:1   | Noticed a greater mummy
 57413 | Tomb:1   | Noticed a greater mummy
 57426 | Tomb:1   | Killed a greater mummy
 57429 | Tomb:1   | Killed a greater mummy
 57514 | Tomb:1   | Noticed a greater mummy
 57521 | Tomb:1   | Noticed a greater mummy
 57522 | Tomb:1   | Killed a greater mummy
 57525 | Tomb:1   | Noticed a greater mummy
 57529 | Tomb:1   | Killed a greater mummy
 57537 | Tomb:1   | Killed a greater mummy
 57549 | Tomb:1   | Noticed a greater mummy
 57552 | Tomb:1   | Noticed a greater mummy
 57611 | Tomb:1   | Killed a greater mummy
 57611 | Tomb:1   | Reached skill level 16 in Spellcasting
 57642 | Tomb:1   | Noticed a greater mummy
 57656 | Tomb:1   | Noticed a greater mummy
 57665 | Tomb:1   | Killed a greater mummy
 57670 | Tomb:1   | Killed a greater mummy
 57712 | Tomb:1   | Noticed a greater mummy
 57721 | Tomb:1   | Killed a greater mummy
 57721 | Tomb:1   | Reached XP level 22. HP: 57/103 MP: 4/43
 57861 | Tomb:1   | Learned a level 6 spell: Haste
 57923 | Tomb:1   | Killed a greater mummy
 57949 | Tomb:1   | Noticed a greater mummy
 57953 | Tomb:1   | Noticed a greater mummy
 57966 | Tomb:1   | Killed a greater mummy
 57968 | Tomb:1   | Noticed a greater mummy
 57990 | Tomb:1   | Killed a greater mummy
 58064 | Tomb:1   | Noticed a greater mummy
 58078 | Tomb:1   | Killed a greater mummy
 58244 | Tomb:2   | Noticed a greater mummy
 58362 | Tomb:1   | Noticed a greater mummy
 58369 | Tomb:1   | Noticed a greater mummy
 58369 | Tomb:1   | Killed a greater mummy
 58393 | Tomb:1   | Killed by a mummy priest's death curse
 58394 | Tomb:1   | Reached XP level 21. HP: 0/128 MP: 4/51
 58421 | Tomb:1   | Noticed a greater mummy
 58433 | Tomb:1   | Killed a greater mummy
 58503 | Tomb:1   | Noticed a greater mummy
 58510 | Tomb:1   | Killed a greater mummy
 58510 | Tomb:1   | Reached skill level 17 in Spellcasting
 58600 | Tomb:3   | Entered Level 3 of the Tomb of the Ancients
 58644 | Tomb:3   | Noticed an ancient lich
 58647 | Tomb:3   | Noticed a greater mummy
 58649 | Tomb:3   | Noticed a greater mummy
 58651 | Tomb:3   | Killed a greater mummy
 58652 | Tomb:3   | Killed an ancient lich
 58655 | Tomb:3   | Noticed a greater mummy
 58658 | Tomb:3   | Killed a greater mummy
 58660 | Tomb:3   | Killed a greater mummy
 58662 | Tomb:3   | Noticed a greater mummy
 58663 | Tomb:3   | Noticed a greater mummy
 58894 | Tomb:2   | Killed a greater mummy
 59056 | Tomb:3   | Killed a greater mummy
 59112 | Tomb:3   | Noticed an ancient lich
 59117 | Tomb:3   | Noticed a greater mummy
 59117 | Tomb:3   | Killed an ancient lich
 59117 | Tomb:3   | Reached skill level 18 in Spellcasting
 59120 | Tomb:3   | Killed a greater mummy
 59173 | Tomb:3   | Got a golden rune of Zot
 59188 | Tomb:3   | Noticed a greater mummy
 59192 | Tomb:3   | Killed a greater mummy
 59232 | Tomb:3   | Identified the Tome of the Gliding Volcanoes
 59582 | Tomb:1   | Noticed a greater mummy
 59599 | Tomb:1   | Killed a greater mummy
 59599 | Tomb:1   | Reached XP level 22. HP: 103/103 MP: 34/45
 60271 | Slime:1  | Entered Level 1 of the Pits of Slime
 60446 | Slime:2  | Gained mutation: You occasionally shout uncontrollably at your foes. [a shining eye]
 60494 | Slime:2  | Gained mutation: Your body sometimes deteriorates upon taking damage. [a shining eye]
 60739 | Slime:4  | Gained mutation: You are agile. (Dex +2) [a shining eye]
 61002 | Slime:5  | Entered Level 5 of the Pits of Slime
 61146 | Slime:5  | Noticed the Royal Jelly
 61152 | Slime:5  | Found a viscous altar of Jiyva.
 61289 | Slime:5  | Killed the Royal Jelly
 61289 | Slime:5  | Reached skill level 19 in Spellcasting
 61340 | Slime:5  | Got a clouded turquoise ring
 61341 | Slime:5  | Identified the ring "Fouthrau" {rC+ Str+2} (You found it on level 5 of the Pits of Slime)
 61391 | Slime:5  | Identified the Almanac of the Icy Voyage
 61453 | Slime:5  | Got a slimy rune of Zot
 61798 | Depths:1 | Entered Level 1 of the Depths
 61800 | Depths:1 | Found Kaphoo Ewna's Assorted Antiques.
 61809 | Depths:1 | Found Bel Jost's Jewellery Emporium.
 61809 | Depths:1 | Found Wuufry's Food Shoppe.
 61814 | Depths:1 | Bought a scroll of blinking for 240 gold pieces
 61814 | Depths:1 | Bought a potion of might for 128 gold pieces
 61815 | Depths:1 | Found Lointiph's Book Emporium.
 61822 | Depths:1 | Bought a manual of Unarmed Combat for 1324 gold pieces
 61828 | Depths:1 | Noticed Asterion
 61836 | Depths:1 | Killed Asterion
 61837 | Depths:1 | Noticed Aizul
 61904 | Depths:1 | Killed Aizul
 61931 | Depths:1 | Found an iron altar of Okawaru.
 62138 | Depths:1 | Found a gateway to Hell.
 62550 | Depths:2 | Reached XP level 23. HP: 107/107 MP: 23/47
 62844 | Depths:2 | Noticed a caustic shrike
 62845 | Depths:2 | a caustic shrike changed into an iron dragon
 62919 | Depths:2 | Found a gateway to a ziggurat.
 63047 | Depths:2 | Found a one-way gate to the infinite horrors of the Abyss.
 63254 | Depths:3 | Learned a level 7 spell: Ring of Flames
 63640 | Depths:3 | Reached skill level 1 in Fire Magic
 63812 | Depths:4 | Reached skill level 5 in Fire Magic
 64002 | Depths:4 | Found a one-way gate leading to the halls of Pandemonium.
 64288 | Depths:4 | Reached skill level 20 in Spellcasting
 64342 | Depths:4 | Reached skill level 10 in Fire Magic
 64435 | Depths:4 | Noticed a caustic shrike
 64439 | Depths:4 | Killed a caustic shrike
 64450 | Depths:4 | Noticed a caustic shrike
 64672 | Depths:4 | Killed a caustic shrike
 64678 | Depths:4 | Reached XP level 24. HP: 112/112 MP: 41/48
 65526 | Depths:4 | Identified Quunea's Incunabulum of the Monkey's Uncle
 65859 | Depths:4 | Found Cuokk's Jewellery Boutique.
 65860 | Depths:4 | Found Luko's Gadget Shoppe.
 65862 | Depths:4 | Found Yletupp's Jewellery Boutique.
 65868 | Depths:4 | Bought the ring of Qexus {rPois rC+ AC+2 Str+3} for 655 gold pieces
 65875 | Depths:4 | Bought a box of beasts for 420 gold pieces
 65875 | Depths:4 | Bought a box of beasts for 420 gold pieces
 66051 | Depths:4 | Reached skill level 21 in Spellcasting
 66102 | Depths:4 | Reached skill level 15 in Fire Magic
 66344 | Depths:3 | Killed from afar by a frost giant
 66345 | Depths:3 | Reached XP level 23. HP: -6/139 MP: 48/58
 66372 | Depths:3 | Found a corrupted altar of Lugonu.
 66838 | Depths:5 | Entered Level 5 of the Depths
 66902 | Depths:5 | Found a glowing golden altar of the Shining One.
 66929 | Depths:4 | Reached XP level 24. HP: 67/112 MP: 48/49
 67059 | Depths:5 | Noticed the Enchantress
 67071 | Depths:5 | Killed the Enchantress
 67090 | Depths:5 | Upgraded the game from 0.19-a0-1341-g3513869 to 0.19-a0-1365-gb34f4cb
 67590 | Depths:5 | Reached skill level 15 in Fighting
 67787 | Depths:5 | Found a gate to the Realm of Zot.
 68390 | Zot:1    | Entered Level 1 of the Realm of Zot
 68390 | Zot:1    | Noticed an orb of fire
 68482 | Zig:1    | Entered Level 1 of a ziggurat
 68498 | Zig:2    | Entered Level 2 of a ziggurat
 68528 | Zig:3    | Entered Level 3 of a ziggurat
 68528 | Zig:3    | Noticed a greater mummy
 68538 | Zig:3    | Killed a greater mummy
 68641 | Zig:4    | Entered Level 4 of a ziggurat
 68695 | Zig:5    | Entered Level 5 of a ziggurat
 68836 | Zig:6    | Entered Level 6 of a ziggurat
 68917 | Zig:7    | Entered Level 7 of a ziggurat
 68977 | Zig:7    | Identified the Compendium of Fiery Transmutation
 68988 | Zig:7    | Got a coiled golden ring
 68990 | Zig:7    | Got a heavily runed jade ring
 68993 | Zig:7    | Identified the ring "Liosuf" {-Tele Str+6 Int+2} (You found it on level 7 of a ziggurat)
 68995 | Zig:7    | Identified the ring "Qadesur" {rC+ AC+4 Str+4 Dex+4} (You found it on level 7 of a ziggurat)
 69033 | Zig:8    | Entered Level 8 of a ziggurat
 69069 | Zig:8    | Got a flickering jade ring
 69070 | Zig:8    | Identified the cursed ring "Pielamm" {rC+ EV-3} (You found it on level 8 of a ziggurat)
 69180 | Zig:8    | Upgraded the game from 0.19-a0-1365-gb34f4cb to 0.19-a0-1384-gbb462ca
 69182 | Zig:9    | Entered Level 9 of a ziggurat
 69785 | Zot:1    | Reached XP level 25. HP: 119/119 MP: 33/49
 69797 | Zot:1    | Reached skill level 15 in Necromancy
 69815 | Zot:1    | Killed an orb of fire
 71123 | Zot:3    | Learned a level 6 spell: Iron Shot
 71178 | Zot:3    | Reached skill level 1 in Conjurations
 71673 | Zot:4    | Reached skill level 5 in Conjurations
 72199 | Zot:4    | Noticed an orb of fire
 72204 | Zot:4    | Killed an orb of fire
 72204 | Zot:4    | Reached XP level 26. HP: 126/126 MP: 49/49
 73092 | Zot:5    | Entered Level 5 of the Realm of Zot
 73135 | Zot:5    | Reached skill level 10 in Conjurations
 73433 | Depths:5 | Voluntarily entered the Abyss.
 73841 | Abyss:2  | Reached skill level 15 in Stealth
 74900 | Abyss:4  | Found a corrupted altar of Lugonu.
 75069 | Abyss:4  | Got an abyssal rune of Zot
 75070 | Abyss:4  | Paralysed by accursed screaming for 2 turns
 75255 | Abyss:4  | Paralysed by accursed screaming for 1 turns
 75262 | Abyss:4  | Found a corrupted altar of Lugonu.
 75436 | Depths:5 | Escaped the Abyss
 76745 | Vaults:5 | Entered Level 5 of the Vaults
 76757 | Vaults:5 | Reached XP level 27. HP: 131/131 MP: 31/49
 77224 | Vaults:5 | Got a silver rune of Zot
 77306 | Vaults:5 | Identified 2 scrolls of acquirement
 77317 | Vaults:5 | Noticed an ancient lich
 77322 | Vaults:5 | Killed an ancient lich
 77354 | Vaults:5 | Found Gusin's Armour Shoppe.
 77474 | Vaults:5 | Noticed Frederick
 77489 | Vaults:5 | Killed Frederick
 77664 | Vaults:5 | Found Notsy's Antique Weapon Shop.
 77735 | Vaults:5 | Noticed an ancient lich
 77737 | Vaults:5 | Killed an ancient lich
 77881 | Vaults:5 | Found Fusiel's Armour Shoppe.
 79060 | Depths:1 | Bought a scroll of fog for 64 gold pieces
 79060 | Depths:1 | Bought a scroll of magic mapping for 112 gold pieces
 79234 | Zig:1    | Entered Level 1 of a ziggurat
 79250 | Zig:2    | Entered Level 2 of a ziggurat
 79332 | Zig:3    | Entered Level 3 of a ziggurat
 79332 | Zig:3    | Noticed Eshrarorph the pandemonium lord
 79346 | Zig:3    | Killed Eshrarorph the pandemonium lord
 79483 | Zig:4    | Entered Level 4 of a ziggurat
 79533 | Zig:5    | Entered Level 5 of a ziggurat
 79546 | Zig:5    | Reached skill level 10 in Translocations
 79591 | Zig:6    | Entered Level 6 of a ziggurat
 79816 | Zig:7    | Entered Level 7 of a ziggurat
 79823 | Zig:7    | Noticed Xugain the pandemonium lord
 79874 | Depths:2 | Killed Xugain the pandemonium lord
 80273 | Zot:5    | Reached skill level 22 in Spellcasting
 80286 | Zot:5    | Noticed an ancient lich
 80293 | Zot:5    | Killed an ancient lich
 80387 | Zot:5    | Noticed an ancient lich
 80396 | Zot:5    | Killed an ancient lich
 80431 | Zot:5    | Noticed an ancient lich
 80432 | Zot:5    | Killed an ancient lich
 80514 | Zot:5    | Noticed an orb of fire
 80527 | Zot:5    | Noticed an orb of fire
 80527 | Zot:5    | Noticed an ancient lich
 80533 | Zot:5    | Gained mutation: You are partially covered in slimy green scales. (AC +2) [an orb of fire]
 80538 | Zot:5    | Killed an orb of fire
 80538 | Zot:5    | Reached skill level 15 in Translocations
 80543 | Zot:5    | Gained mutation: You sometimes yell uncontrollably at your foes. [an orb of fire]
 80544 | Zot:5    | Killed an ancient lich
 80553 | Zot:5    | Killed an orb of fire
 80648 | Zot:5    | Noticed an ancient lich
 80651 | Zot:5    | Killed an ancient lich
 80795 | Zot:5    | Noticed an ancient lich
 80839 | Zot:5    | Killed an ancient lich
 80964 | Zot:5    | Reached skill level 23 in Spellcasting
 80998 | Zot:5    | Noticed an orb of fire
 81011 | Zot:5    | Killed an orb of fire
 81381 | Depths:2 | Learned a level 8 spell: Controlled Blink
 81430 | Hell     | Entered the Vestibule of Hell
 81461 | Hell     | Noticed Geryon
 81478 | Hell     | Killed Geryon
 81610 | Hell     | Found a gateway to the decaying netherworld of Tartarus.
 81638 | Hell     | Found a gateway to the ashen valley of Gehenna.
 81687 | Hell     | Found a gateway to the freezing wastes of Cocytus.
 81914 | Hell     | Reached skill level 24 in Spellcasting
 81936 | Hell     | Found a gateway to the Iron City of Dis.
 82067 | Pan      | Entered Pandemonium
 82316 | Pan      | Noticed Guxzul the pandemonium lord
 82337 | Pan      | Killed Guxzul the pandemonium lord
 82561 | Pan      | Found an exit through the horrors of the Abyss.
 82841 | Pan      | Gained mutation: Your body often deteriorates upon taking damage. [a neqoxec]
 82853 | Pan      | Lost mutation: You are agile. (Dex +2) [potion of cure mutation]
 82853 | Pan      | Lost mutation: Your body often deteriorates upon taking damage. [potion of cure mutation]
 82855 | Pan      | Found an exit through the horrors of the Abyss.
 82911 | Pan      | Noticed Qubeyti the pandemonium lord
 82928 | Pan      | Killed Qubeyti the pandemonium lord
 83280 | Pan      | Lost mutation: Your body sometimes deteriorates upon taking damage. [a cacodemon]
 83351 | Pan      | Found an exit through the horrors of the Abyss.
 83570 | Pan      | Noticed Zihummy the pandemonium lord
 83600 | Pan      | Killed Zihummy the pandemonium lord
 83688 | Pan      | Entered the realm of Mnoleg.
 83700 | Pan      | Lost mutation: You sometimes yell uncontrollably at your foes. [a neqoxec]
 83705 | Pan      | Gained mutation: You are frail. (-10% HP) [a cacodemon]
 83705 | Pan      | Gained mutation: Your body sometimes deteriorates upon taking damage. [a cacodemon]
 83717 | Pan      | Gained mutation: Your muscles are strong. (Str +2) [a cacodemon]
 83719 | Pan      | Gained mutation: You are clumsy. (Dex -2) [a cacodemon]
 83721 | Pan      | Gained mutation: You are occasionally teleported next to monsters. [a cacodemon]
 83742 | Pan      | Noticed Mnoleg
 83746 | Pan      | Lost mutation: You are partially covered in icy blue scales. (AC +2) [potion of cure mutation]
 83746 | Pan      | Lost mutation: You are partially covered in slimy green scales. (AC +2) [potion of cure mutation]
 83746 | Pan      | Lost mutation: You are clumsy. (Dex -2) [potion of cure mutation]
 83746 | Pan      | Lost mutation: Your body sometimes deteriorates upon taking damage. [potion of cure mutation]
 83747 | Pan      | Lost mutation: Your muscles are strong. (Str +2) [potion of cure mutation]
 83747 | Pan      | Lost mutation: You are frail. (-10% HP) [potion of cure mutation]
 83747 | Pan      | Lost mutation: You occasionally shout uncontrollably at your foes. [potion of cure mutation]
 83747 | Pan      | Lost mutation: You are occasionally teleported next to monsters. [potion of cure mutation]
 83924 | Pan      | Gained mutation: Your spells are a little easier to cast, but a little less powerful. [a cacodemon]
 84201 | Pan      | Got a glowing rune of Zot
 84233 | Pan      | Killed Mnoleg
 84233 | Pan      | Reached skill level 25 in Spellcasting
 84271 | Pan      | Got a scorched wooden ring
 84272 | Pan      | Identified the ring "Kiniosi" {rPois rC+ Dex+4 Slay+2} (You acquired it in Pandemonium)
 84506 | Pan      | Found an exit through the horrors of the Abyss.
 84542 | Pan      | Noticed Hiotaog the pandemonium lord
 84625 | Pan      | Killed Hiotaog the pandemonium lord
 84702 | Pan      | Got a demonic rune of Zot
 85122 | Pan      | Found an exit through the horrors of the Abyss.
 85281 | Pan      | Found an exit through the horrors of the Abyss.
 85460 | Pan      | HP: 4/174 [Hell Sentinel/damnation (38)]
 85688 | Pan      | Learned a level 7 spell: Malign Gateway
 85863 | Pan      | Reached skill level 1 in Summonings
 85894 | Pan      | Found an exit through the horrors of the Abyss.
 86422 | Pan      | Reached skill level 5 in Summonings
 86664 | Pan      | Found an exit through the horrors of the Abyss.
 86739 | Pan      | Noticed Kemamm the pandemonium lord
 87203 | Pan      | Noticed Tal Gaung the pandemonium lord
 87630 | Pan      | Noticed Weet the pandemonium lord
 87639 | Pan      | Killed Weet the pandemonium lord
 87671 | Pan      | Reached skill level 10 in Summonings
 87751 | Pan      | Entered the realm of Cerebov.
 87777 | Pan      | Reached skill level 10 in Evocations
 87992 | Pan      | Noticed Cerebov
 88020 | Pan      | Killed Cerebov
 88105 | Pan      | Got a shimmering copper ring
 88106 | Pan      | Identified the ring "Ciulosm" {rElec rPois MR+++ Str-4 Stlth-} (You found it in Pandemonium)
 88134 | Pan      | Got a fiery rune of Zot
 88208 | Pan      | Identified the Volume of Superiority
 88282 | Pan      | Gained mutation: Your spells are easier to cast, but less powerful. [a cacodemon]
 88297 | Pan      | Lost mutation: Your spells are easier to cast, but less powerful. [potion of cure mutation]
 88297 | Pan      | Lost mutation: Your spells are a little easier to cast, but a little less powerful. [potion of cure mutation]
 88309 | Pan      | Found an exit through the horrors of the Abyss.
 88642 | Pan      | Reached skill level 15 in Earth Magic
 88650 | Pan      | Found an exit through the horrors of the Abyss.
 88844 | Pan      | Entered the realm of Lom Lobon.
 89034 | Pan      | Noticed Lom Lobon
 89049 | Pan      | Killed Lom Lobon
 89076 | Pan      | Got a magical rune of Zot
 89162 | Pan      | Found a glowing silver altar of Zin.
 89448 | Pan      | Reached skill level 26 in Spellcasting
 90435 | Pan      | Found a white marble altar of Elyvilon.
 90903 | Pan      | Found a glowing golden altar of the Shining One.
 90910 | Pan      | Noticed a seraph
 90926 | Pan      | Killed a seraph
 90988 | Pan      | Identified the Disquisition on Clay and Calling
 91114 | Depths:3 | Escaped Pandemonium
 91116 | Pan      | Entered Pandemonium
 91240 | Pan      | Entered the realm of Gloorx Vloq.
 91498 | Pan      | Noticed Gloorx Vloq
 91509 | Pan      | Killed Gloorx Vloq
 91520 | Pan      | Got a dark rune of Zot
 91680 | Pan      | Found an exit through the horrors of the Abyss.
 91689 | Pan      | Took an exit into the Abyss.
 91689 | Abyss:1  | Escaped into the Abyss
 91797 | Depths:3 | Escaped the Abyss
 91867 | Depths:5 | Learned a level 9 spell: Shatter
 91970 | Tar:1    | Entered Level 1 of Tartarus
 92062 | Tar:2    | You fall through a shaft!
 92236 | Tar:4    | You fall through a shaft!
 92607 | Tar:7    | Entered Level 7 of Tartarus
 92788 | Tar:7    | Noticed an ancient lich
 92798 | Tar:7    | Killed an ancient lich
 92810 | Tar:7    | Got a faintly glowing lead ring
 92811 | Tar:7    | Identified the ring "Obey" {rN+ MR- MP+9 Int+7 Dex-5} (You found it on level 7 of Tartarus)
 92912 | Tar:7    | Noticed an ancient lich
 92916 | Tar:7    | Noticed an ancient lich
 92924 | Tar:7    | Killed an ancient lich
 92928 | Tar:7    | Killed an ancient lich
 92941 | Tar:7    | Identified the Disquisition on Stones and Poison
 93030 | Tar:7    | Noticed Ereshkigal
 93039 | Tar:7    | Killed Ereshkigal
 93273 | Tar:7    | Got a bone rune of Zot
 93509 | Coc:1    | Entered Level 1 of Cocytus
 93525 | Coc:1    | You fall through a shaft!
 93576 | Coc:3    | You fall through a shaft for 2 floors!
 93956 | Coc:7    | Entered Level 7 of Cocytus
 94056 | Coc:7    | Noticed the Serpent of Hell
 94076 | Coc:7    | Killed the Serpent of Hell
 94216 | Coc:7    | Noticed Antaeus
 94246 | Coc:7    | Got a coiled wooden ring
 94248 | Coc:7    | Identified the Volume of Congealing Bewitchment
 94249 | Coc:7    | Got an icy rune of Zot
 94465 | Hell     | Identified the ring "Edouz" {rPois MR- Dex+6} (You found it on level 7 of Cocytus)
 94469 | Geh:1    | Entered Level 1 of Gehenna
 95429 | Geh:7    | Entered Level 7 of Gehenna
 95676 | Geh:7    | Noticed Asmodeus
 95693 | Geh:7    | Got an obsidian rune of Zot
 95788 | Dis:1    | Entered Level 1 of the Iron City of Dis
 96200 | Dis:5    | You fall through a shaft!
 96223 | Dis:7    | Entered Level 7 of the Iron City of Dis
 96493 | Dis:7    | Gained mutation: Your magical capacity is low. (-10% MP) [a cacodemon]
 96505 | Dis:7    | Noticed Dispater
 96718 | Dis:7    | Lost mutation: Your magical capacity is low. (-10% MP) [potion of cure mutation]
 97180 | Dis:7    | Killed Dispater
 97198 | Dis:7    | Got an iron rune of Zot
 97433 | Zot:5    | Got the Orb of Zot
 97498 | Zot:2    | Noticed a seraph
 97638 | D:15     | Noticed Foat Cia the pandemonium lord
 97646 | D:15     | Killed Foat Cia the pandemonium lord
 97733 | D:12     | Noticed Tamnec the pandemonium lord
 97748 | D:12     | Killed Tamnec the pandemonium lord
 97748 | D:12     | Reached skill level 27 in Spellcasting
 98003 | D:$      | Escaped with the Orb!

Vault maps used:
D:1:      dpeg_arrival_court
D:2:      first_bread
D:3:      wad_woods_settlement
D:4:      kennysheep_generic_room_2
D:5:      serial_bayou_pond_e, grunt_ministairs_14, vehumet_altar_wand_db,
          uniq_menkaure, uniq_sigmund
D:6:      nicolae_overflow_crystal_walls, gammafunk_temple_overflow_pools,
          serial_shops, nicolae_shop_temple_entry_statues_fountains,
          uniq_eustachio, uniq_edmund
D:7:      serial_shops, nicolae_shop_waterfront,
          lemuel_mausoleum_altar_kikubaaqudgha
D:8:      old_standard_altar, serial_shops, shop
D:9:      grunt_temple_overflow_gold_and_silver,
          gammafunk_temple_overflow_statue, serial_shops, kennysheep_mini,
          uniq_maurice
D:10:     lair_0_dummy, orc_0_dummy, serial_shops, kennysheep_mini_moat,
          david_nohive_1, nicolae_two_hexagons
D:11:     giant_chief_lemuel
D:12:     serial_shops, nicolae_shop_temple_entry_statues_fountains, shop, shop,
          nicolae_shop_waterfront, lemuel_flamethrower_3, uniq_frances
D:13:     minmay_connected_boxes_in_corner, david_vaults_1,
          minmay_fire_ice_demons, uniq_urug
D:14:     minmay_firetagon, enter_trove_3, uniq_sonja, uniq_rupert
D:15:     hangedman_depths_entry_civil_slaughter, serial_bayou_pond_c,
          serial_shops, shop, shop, shop, serial_ice, serial_ice_h,
          serial_ice_k, serial_ice_b, serial_ice_n, serial_ice_f, serial_ice_c,
          minmay_misc_feat_enclosed, hex_tiny, lemuel_flamethrower_2,
          uniq_azrael, uniq_agnes
Temple:   nicolae_temple_god_jail
Lair:1:   uniq_prince_ribbit2, uniq_joseph, uniq_nergalle
Lair:2:   grunt_forest_large_clearing_hut
Lair:3:   minmay_snake_entry_guardpost_medium, infiniplex_staircase_pool,
          serial_bayou_shore_b
Lair:4:   minmay_shoals_entry_lonely_mermaid, lab_entry_generic, uniq_kirke,
          uniq_nessos, uniq_harold, uniq_josephine
Lair:5:   statuecave_lemuel, portal_ice_cave_rime, infiniplex_staircase_pool_2
Lair:6:   evilmike_catoblepas_cave, slime_altar_2
Shoals:1: nicolae_shoals_island_circles
Shoals:2: argonaut_gorgonesque
Shoals:3: argonaut_golden_fleece
Shoals:4: shoals_end_grunt_ice, shoals_ilsuiw_ice,
          nicolae_shoals_stone_sculpture_thing, uniq_roxanne, uniq_louise,
          uniq_polyphemus, uniq_bai_suzhen
Snake:2:  nicolae_snake_linked_coils, st_stairs_9, serial_bayou_pond_a,
          grunt_ministairs_6
Snake:3:  basic_stair_grate_trap
Snake:4:  grunt_snake_rune_serpentine_throne, serial_bayou_crossing
Orc:1:    serial_shops, nicolae_shop_trees, shop, nicolae_shop_window_shopping,
          shop_fountains, shop, uniq_erica
Orc:2:    grunt_orc_cross, serial_shops, shop_statue
Elf:1:    eino_elf_arrival_the_gate, portal_desolation_entry_twin_temple,
          minmay_elf_annihilation, uniq_donald
Elf:2:    uniq_jorgrun
Elf:3:    grunt_elf_hall_branching, fake_guardian_serpent_vault
Vaults:1: ontoclasm_vaults_decontamination, v_rooms_6, v_misc_27, v_misc_1,
          v_misc_18, v_misc_4, ontoclasm_vaults_bender, nicolae_vaults_theta,
          vaults_room_corners, vaults_room_pool, serial_shops, shop
Vaults:2: minmay_crypt_entry_necro_gods, v_pattern_4, v_misc_15,
          grunt_vaults_bifocal, ontoclasm_vaults_tryst, vaults_room_pool,
          st_cells, vaults_standard_mumra_x, vaults_room_corners, v_rooms_3,
          vaults_room_semicircle, serial_shops, nicolae_shop_crystal,
          nicolae_shop_trees
Vaults:3: hangedman_vaults_capsules, st_quartered_hall,
          ontoclasm_vaults_ring_square, dpeg_vaults_monster_row, v_misc_14,
          nicolae_vaults_shelves_hall, vaults_room_hallway, v_misc_8,
          vaults_dpeg_ring, serial_shops, bzr_entry_gold
Vaults:4: vaults_room_octagon, grunt_vaults_swirl,
          nicolae_vaults_network_square, v_alt_pattern_4,
          nicolae_vaults_circle_grid_a, grunt_vaults_trifunnel,
          vaults_dpeg_hooks, nicolae_vaults_angled_halls, v_rooms_2,
          hangedman_vaults_cutoff, serial_ice_b,
          hangedman_vaults_stretched_pinwheel, v_misc_18,
          vaults_dpeg_encased_lava
Vaults:5: uniq_frederick
Crypt:1:  st_stairs_3, small_chamber_with_monster, minmay_misc_feat_alley,
          minmay_misc_feat_columns, minivault_14, minivault_14, uniq_mennas,
          uniq_saint_roka
Crypt:2:  uniq_xtahua
Crypt:3:  lightli_unholy_cathedral, nicolae_tomb_entry_rubble_hallway,
          tombwall_bobbens
Tomb:1:   uniq_khufu
Depths:1: hangedman_coc_ice_floe, okawaru_ov_weapons_minmay,
          serial_bayou_shore_a, minmay_shoptagon, kennysheep_random_hallway,
          uniq_asterion, uniq_aizul
Depths:2: hangedman_crystal_crosses_colossus, hell_entry, serial_shops,
          abyss_entry
Depths:3: grunt_crosshair, grunt_hell_entry_dis_mu, pan_entry,
          abyss_entry_flame_altar, infiniplex_staircase_star
Depths:4: minmay_octagon_city, minmay_misc_feat_pillars,
          grunt_pan_entry_in_and_out, hell_entry, abyss_entry,
          kennysheep_generic_room_6, minmay_shop_grove
Depths:5: grunt_zot_entry_alcove, basic_altar, lightli_too_deep, abyss_entry,
          uniq_enchantress
Dis:2:    hangedman_dis_decor_blocks_talon
Dis:4:    hangedman_dis_chains
Dis:5:    grunt_dis_stairs_iron_hall
Dis:6:    grunt_megastairs_1
Dis:7:    iron_city_of_dis, door_vault
Geh:7:    geh_grunt_pentagon
Coc:3:    lemuel_elevator
Coc:7:    coc_grunt
Tar:1:    nicolae_tar_cuneiform_not, grunt_megastairs_3
Tar:2:    grunt_megastairs_4
Tar:4:    nicolae_tar_cuneiform_bird
Tar:6:    grunt_deathspiral_small
Tar:7:    tar_grunt_cathedral
Zot:2:    basic_stair_grate_trap
Abyss:2:  bh_abyss_xom_lugonu_altar, evilmike_abyss_exit_15
Abyss:3:  evilmike_abyss_exit_smiterflies, evilmike_abyss_exit_14
Abyss:4:  evilmike_abyss_exit_1, hangedman_decor_peaks_small,
          dshaligram_kb_abyss_rune_zappy_water_cross
Pan:      rand_demon_8, grunt_pan_in_and_out, pan_blood_fountain,
          evilmike_mini_pan_corner, mnoleg, reaverb_pan_squares, rand_demon_6,
          pan_blood_fountain_small, rand_demon_6, pan_blood_fountain_small,
          pan_blood_fountain, evilmike_mini_pan_T, evilmike_mini_pan_T,
          grunt_pan_in_and_out, pan_blood_fountain, rand_demon_1, special_room,
          evilmike_mini_pan_diamond, nicolae_pan_double_arrow,
          pan_blood_fountain_small, grunt_pan_zigzag, pan_blood_fountain_small,
          grunt_pan_frozen_over, pan_blood_fountain_small,
          lemuel_hellion_island, rand_demon_8, pan_blood_fountain,
          nicolae_pan_gloorx_vloqian_1, grunt_pan_in_and_out,
          evilmike_mini_pan_corridor, pan_blood_fountain, grunt_pan_spiral,
          nicolae_pan_strange_glyphs, rand_demon_4, pan_blood_fountain,
          cerebov_grunt, pan_blood_fountain, grunt_pan_zigzag,
          regret_index_pan_draining_boxed, nicolae_pan_giant_door, lom_lobon,
          nicolae_pan_cerebovesque_2, nicolae_pan_sick_transit,
          evilmike_holy_pan, evilmike_mini_pan_doors, pan_surprise,
          evilmike_mini_pan_other_thingy, gloorx_vloq_grunt
Zig:2:    ziggurat_pillar_centre_c
Zig:7:    ziggurat_pillar_centre_dead_trees
Zig:9:    ziggurat_pillar_centre_oklobs
Lab:      labyrinth_mini_lab
Bazaar:   bazaar_jpeg_circle_common
Trove:    trove_garden
IceCv:    ice_cave_statue_garden_chambered

Skill      XL: |  1  2  3  4  5  6  7  8  9 10 11 12 13 14 15 16 17 18 19 20 21 22 23 24 25 26 27 |
---------------+----------------------------------------------------------------------------------+-----
Stealth        | 1 2 5 10 13 14 17 | 17.6
Unarmed Combat | 3 4 5 6 8 9 12 13 15 16 17 20 21 22 23 26 | 26.1
Fighting       | 3 5 6 7 8 11 12 13 14 16 17 18 23 | 23.1
Necromancy     | 1 3 5 7 8 10 12 13 14 15 | 15.6
Spellcasting   | 3 4 5 7 8 9 10 11 12 13 15 18 19 20 21 27 | 27.0
Dodging        | 3 6 7 10 12 13 14 15 16 17 20 | 20.5
Charms         | 4 6 8 10 11 | 11.0
Evocations     | 3 8 9 10 | 10.9
Translocations | 4 6 18 | 18.2
Ice Magic      | 5 |  5.1
Transmutations | 12 13 | 13.5
Earth Magic    | 6 10 12 26 | 26.8
Fire Magic     | 12 16 | 16.0
Conjurations   | 8 12 | 12.5
Summonings     | 10 | 10.4

Action                   |  1- 3 |  4- 6 |  7- 9 | 10-12 | 13-15 | 16-18 | 19-21 | 22-24 | 25-27 || total
-------------------------+-------+-------+-------+-------+-------+-------+-------+-------+-------++-------
Melee: Unarmed           |    87 |   164 |   343 |   797 |  1709 |  1326 |  1570 |  1519 |  5163 || 12678
       Bite              |     6 |    17 |    43 |    72 |   182 |   152 |   207 |   215 |   753 ||  1647
       Punch             |       |     2 |     7 |    34 |   129 |   119 |   141 |   189 |   649 ||  1270
 Cast: Infusion          |    10 |    23 |    28 |    16 |       |       |       |       |       ||    77
       Shroud of Golubri |     2 |     7 |    13 |    57 |    73 |    20 |     6 |       |       ||   178
       Song of Slaying   |       |     1 |       |     1 |     4 |     1 |     3 |     6 |    33 ||    49
       Corpse Rot        |       |     1 |     6 |    17 |    21 |    20 |     1 |     1 |       ||    67
       Regeneration      |       |     1 |     2 |    50 |   191 |   161 |   109 |   119 |   261 ||   894
       Control Undead    |       |       |     2 |     3 |    19 |     3 |    63 |    31 |    58 ||   179
       Vampiric Draining |       |       |     1 |     2 |    13 |       |       |       |       ||    16
       Animate Dead      |       |       |       |    54 |   135 |    49 |    70 |    74 |    62 ||   444
       Sublimation of Bl |       |       |       |    34 |    36 |    27 |    15 |    16 |    22 ||   150
       Dispel Undead     |       |       |       |     4 |     4 |     6 |    59 |    44 |    45 ||   162
       Repel Missiles    |       |       |       |     1 |     8 |    11 |    11 |    10 |    17 ||    58
       Apportation       |       |       |       |       |    15 |    11 |     3 |    11 |    30 ||    70
       Agony             |       |       |       |       |    12 |    74 |    33 |    70 |    12 ||   201
       Ozocubu's Armour  |       |       |       |       |       |    49 |    17 |       |       ||    66
       Blink             |       |       |       |       |       |     4 |    10 |    21 |    53 ||    88
       Statue Form       |       |       |       |       |       |    10 |   101 |   104 |   301 ||   516
       Lee's Rapid Decon |       |       |       |       |       |       |    40 |    79 |   107 ||   226
       Haste             |       |       |       |       |       |       |     5 |    17 |    25 ||    47
       Passage of Golubr |       |       |       |       |       |       |     3 |    11 |    10 ||    24
       Ring of Flames    |       |       |       |       |       |       |       |     6 |    21 ||    27
       Iron Shot         |       |       |       |       |       |       |       |       |   110 ||   110
       Shatter           |       |       |       |       |       |       |       |       |    62 ||    62
       Controlled Blink  |       |       |       |       |       |       |       |       |    14 ||    14
       Malign Gateway    |       |       |       |       |       |       |       |       |    11 ||    11
Invok: Receive Corpses   |       |       |     6 |    20 |    57 |    15 |    22 |    16 |    27 ||   163
       Receive Necronomi |       |       |       |       |     1 |       |       |       |       ||     1
 Abil: Evoke Berserk Rag |       |       |       |       |    37 |    16 |     6 |       |       ||    59
       Evoke Flight      |       |       |       |       |     2 |       |       |       |       ||     2
       Stop Flying       |       |       |       |       |     1 |       |       |       |       ||     1
       End Transformatio |       |       |       |       |       |       |       |     1 |     2 ||     3
Evoke: Wand              |       |       |     3 |    10 |    83 |    21 |    15 |    26 |    60 ||   218
       Sack of spiders   |       |       |       |       |     3 |       |       |     1 |     2 ||     6
       Lamp of fire      |       |       |       |       |     3 |     3 |       |     5 |     3 ||    14
       Box of beasts     |       |       |       |       |     1 |       |     2 |     1 |     1 ||     5
       Phantom mirror    |       |       |       |       |     1 |       |       |       |       ||     1
       Figurine of a zig |       |       |       |       |       |       |       |     1 |       ||     1
       Horn of Geryon    |       |       |       |       |       |       |       |       |     1 ||     1
  Use: Scroll            |       |     5 |    15 |    10 |    25 |    18 |    16 |    22 |    52 ||   163
       Potion            |       |     1 |     1 |     1 |    16 |     8 |    13 |     6 |    41 ||    87
 Stab: Sleeping          |     4 |    11 |    13 |    18 |    75 |    30 |    48 |    15 |    46 ||   260
       Invisible         |       |       |     6 |       |     9 |       |       |     2 |       ||    17
       Distracted        |       |       |     1 |     5 |    16 |    10 |    24 |    33 |    54 ||   143
       Paralysed         |       |       |       |     4 |     7 |       |       |       |     1 ||    12
       Confused          |       |       |       |       |     1 |     3 |     1 |       |       ||     5
       Petrified         |       |       |       |       |       |       |     1 |       |       ||     1
  Eat: Chunk             |     9 |     7 |    10 |    25 |    82 |    70 |    45 |    34 |    65 ||   347
       Beef jerky        |       |       |       |     2 |     4 |     1 |     3 |       |     4 ||    14
       Pizza             |       |       |       |     1 |     2 |       |     1 |     2 |     6 ||    12
       Royal jelly       |       |       |       |       |     2 |       |     3 |     3 |     5 ||    13
       Meat ration       |       |       |       |       |     1 |       |     4 |     2 |     8 ||    15
Armor: Skin              |     6 |     7 |    13 |    49 |    55 |    50 |   350 |   385 |  1252 ||  2167
Dodge: Dodged            |    69 |    97 |   220 |   648 |  1245 |   857 |  2034 |  2040 |  6968 || 14178
       Deflected         |       |       |       |       |    34 |    37 |    51 |    64 |    97 ||   283
Block: Other             |       |       |       |       |       |       |   236 |   620 |  2161 ||  3017
       Reflection        |       |       |       |       |       |       |     3 |    42 |    50 ||    95
